 Dungeon Crawl Stone Soup version 0.21-a0-329-g12f17e1 (webtiles) character file.

25 vishdafish the Charmwright (level 2, 0/22 HPs)
             Began as a Demonspawn Skald on Oct 1, 2017.
             Slain by a hobgoblin
             ... wielding a +0 club
              (6 damage)
             ... on level 2 of the Dungeon.
             The game lasted 00:00:56 (718 turns).

vishdafish the Charmwright (Demonspawn Skald)        Turns: 718, Time: 00:00:57

Health: 0/22       AC:  4    Str: 11    XL:     2   Next: 86%
Magic:  5/5        EV: 12    Int: 14    God:
Gold:   41         SH:  0    Dex: 12    Spells: 4/5 levels left

rFire    . . .     SeeInvis .   a - +0 spear
rCold    . . .     Gourm    .   (no shield)
rNeg     . . .     Faith    .   b - +0 leather armour
rPois    .         Spirit   .   (no helmet)
rElec    .         Reflect  .   i - +0 cloak
rCorr    .         Harm     .   (no gloves)
MR       .....                  (no boots)
Stlth    +.........             (no amulet)
HPRegen  0.07/turn              (no ring)
MPRegen  0.09/turn              (no ring)

@: no status effects
A: powered by pain 1
a: no special abilities


You were on level 2 of the Dungeon.
You were not hungry.

You visited 1 branch of the dungeon, and saw 2 of its levels.

You collected 41 gold pieces.

Inventory:

Hand Weapons
 a - a +0 spear (weapon)
Armour
 b - a +0 leather armour (worn)
 i - a +0 cloak (worn)
Scrolls
 e - 2 scrolls of teleportation {unknown}
 j - 2 scrolls of identify {unknown}
 l - a scroll of fear {unknown}
 o - 2 scrolls of enchant weapon {unknown}
 p - a scroll of remove curse {unknown}
Potions
 f - a potion of flight {unknown}
 g - 2 potions of mutation {unknown}
 k - a potion of curing {unknown}
 n - 2 potions of lignification {unknown}
Books
 c - a book of Battle

   Spells                             Type                      Level
   a - Infusion                       Charms                       1
   b - Shroud of Golubria             Charms/Translocation         2
   c - Song of Slaying                Charms                       2
   d - Spectral Weapon                Hexes/Charms                 3
   e - Regeneration                   Charms/Necromancy            3
Comestibles
 d - 2 bread rations
 h - 2 fruits
 m - a royal jelly


   Skills:
 - Level 2.0 Fighting
 + Level 2.0 Polearms
 + Level 1.2 Armour
 + Level 2.0 Dodging
 + Level 2.4 Spellcasting
 + Level 2.9 Charms


You had 4 spell levels left.
You knew the following spells:

 Your Spells              Type           Power        Failure   Level  Hunger
a - Infusion              Chrm           #...         9%          1    #......


Dungeon Overview and Level Annotations

Branches:
Dungeon (2/15)

Altars:
Dithmenos


Innate Abilities, Weirdness & Mutations

You sometimes gain a little power by taking damage.


Message History

You are too injured to fight recklessly!
You are too injured to fight recklessly!
You are too injured to fight recklessly!
You are too injured to fight recklessly!
You barely miss the leopard gecko.
The leopard gecko is almost dead.
The leopard gecko hisses menacingly.
The leopard gecko closely misses you. The hobgoblin closely misses you.
You closely miss the hobgoblin. The leopard gecko misses you.
You closely miss the hobgoblin.
The leopard gecko completely misses you.
The hobgoblin hits you with a club. The leopard gecko bites you.
* * * LOW HITPOINT WARNING * * *
You hit the leopard gecko.
You kill the leopard gecko!
The hobgoblin completely misses you.
You hit the hobgoblin.
The hobgoblin is severely wounded.
The hobgoblin hits you with a club.
You die...

#.....#
###.###
#.#
####.#
#....#
#.<.#####
#.#.....#
#.#.....#
# #.@...#
#.†g...#
#......#
#......#
......$#
.#......#
.#......#
.
..##...#


You could see a hobgoblin.

Vanquished Creatures
  An adder (D:2)
  2 leopard geckos
  2 giant cockroaches
  A ball python (D:1)
  A bat (D:1)
  4 goblins (D:1)
  3 kobolds (D:1)
  A rat (D:1)
15 creatures vanquished.

Notes
Turn   | Place    | Note
-------+----------+-------------------------------------------
     0 | D:1      | vishdafish the Demonspawn Skald began the quest for the Orb.
     0 | D:1      | Reached XP level 1. HP: 16/16 MP: 3/3
   244 | D:1      | Reached skill level 1 in Armour
   329 | D:1      | Gained mutation: You sometimes gain a little power by taking damage. [demonic ancestry]
   329 | D:1      | Reached XP level 2. HP: 22/22 MP: 5/5
   679 | D:2      | Found a shadowy altar of Dithmenos.
   718 | D:2      | Slain by a hobgoblin

Vault maps used:
D:1:      dpeg_arrival_short_road
D:2:      minmay_diamond_boxcup, nicolae_overflow_crystal_walls,
          eat_drink_and_be_merry_uskayaw

Skill      XL: |  1  2 |
---------------+-------+-----
Armour         | 1 |  1.2
Polearms       | 2 |  2.0
Dodging        | 2 |  2.0
Fighting       | |  2.0
Spellcasting   | |  2.4
Charms         | |  2.9

Action                   || total
-------------------------++-------
Melee: Spear             ||    61
 Cast: Infusion          ||     3
 Stab: Sleeping          ||     1
Armor: Leather armour    ||     8
Dodge: Dodged            ||    34

Table legend:
 A = Spawn XP
 B = Non-spawn XP
 C = Spawn XP percentage of total XP
 D = Spawn monster count
 E = Non-spawn monster count
 F = Spawn count percentage of total count
 G = Total turns spent on level
                    A         B        C        D         E        F      G
               +---------+---------+-------+---------+---------+-------+---------
         Total |       0 |      37 |   0.0 |       0 |      15 |   0.0 |   718
               +---------+---------+-------+---------+---------+-------+---------
           D:1 |       0 |      18 |   0.0 |       0 |      12 |   0.0 |   666
           D:2 |       0 |      19 |   0.0 |       0 |       3 |   0.0 |    52
               +---------+---------+-------+---------+---------+-------+---------
